 Dungeon Crawl Stone Soup version 0.21-a0-348-ga060c75 (webtiles) character file.

146 vishdafish the Poker (level 5, -2/39 HPs)
             Began as a Demonspawn Skald on Oct 6, 2017.
             Slain by an iguana (11 damage)
             ... on level 3 of the Dungeon.
             The game lasted 00:03:51 (3129 turns).

vishdafish the Poker (Demonspawn Skald)             Turns: 3129, Time: 00:03:52

Health: -2/39      AC:  4    Str: 12    XL:     5   Next: 7%
Magic:  6/8        EV: 12    Int: 15    God:
Gold:   62         SH:  0    Dex: 12    Spells: 8/9 levels left

rFire    . . .     SeeInvis .   a - +0 spear
rCold    . . .     Gourm    .   (no shield)
rNeg     . . .     Faith    .   b - +0 leather armour
rPois    .         Spirit   .   (no helmet)
rElec    .         Reflect  .   l - +0 cloak
rCorr    .         Harm     .   (no gloves)
MR       .....                  (no boots)
Stlth    +.........             (no amulet)
HPRegen  0.13/turn              (no ring)
MPRegen  0.11/turn              (no ring)

@: infused
A: claws 2
a: no special abilities


You were on level 3 of the Dungeon.
You were not hungry.

You visited 1 branch of the dungeon, and saw 3 of its levels.

You collected 62 gold pieces.

Inventory:

Hand Weapons
 a - a +0 spear (weapon)
Armour
 b - a +0 leather armour (worn)
 i - a +0 buckler
 l - a +0 cloak (worn)
 r - a +0 pair of boots
Scrolls
 e - 4 scrolls of identify {unknown}
 j - 2 scrolls of remove curse {unknown}
 m - a scroll of magic mapping {unknown}
 o - a scroll of teleportation {unknown}
Potions
 d - a potion of heal wounds
 g - a potion of curing {unknown}
Books
 c - a book of Battle

   Spells                             Type                      Level
   a - Infusion                       Charms                       1
   b - Shroud of Golubria             Charms/Translocation         2
   c - Song of Slaying                Charms                       2
   d - Spectral Weapon                Hexes/Charms                 3
   e - Regeneration                   Charms/Necromancy            3
Comestibles
 f - 3 meat rations
 h - 2 fruits


   Skills:
 + Level 2.3 Fighting
 * Level 3.4 Polearms
 - Level 1.0 Armour
 + Level 2.6 Dodging
 * Level 2.5 Spellcasting
 - Level 3.1 Charms


You had 8 spell levels left.
You knew the following spells:

 Your Spells              Type           Power        Failure   Level  Hunger
a - Infusion              Chrm           ##..         8%          1    #......


Dungeon Overview and Level Annotations

Branches:
Dungeon (3/15)

Altars:


Innate Abilities, Weirdness & Mutations

You have very sharp fingernails.


Message History

You are too injured to fight recklessly!
You are too injured to fight recklessly!
You are too injured to fight recklessly!
You are too injured to fight recklessly!
The iguana misses you.
Casting: Infusion
Confirm with . or Enter, or press ? or * to list all spells.
You begin infusing your attacks with magical energy.
The iguana bites you.
* * * LOW HITPOINT WARNING * * *
You hit the iguana.
The iguana is moderately wounded.
The iguana barely misses you.
You closely miss the iguana.
The iguana is moderately wounded.
The iguana closely misses you.
You hit the iguana but do no damage.
The iguana is lightly wounded.
The iguana bites you!
You die...

##.....# # ####### #...##.# #
#.....# ###### #...##.# # #.....#
#....# ###...##.####
#.....####.##.####.....##....#
#..........................>..
#....)###.###.####.#...####)÷#
#.....###.#.#.####...........#
#>.........<.@l....#...(.#...#
#.....###.#.###.##.#.....#...#
#.##### #...###....#.....#...#
#.##########....#..#######...#
#.##...# #....#..# #...#
####......#####....#.†#######..<.
..............#............###[##
..............##...........# #.##
..............##...........# #.##


You could see an iguana.

Vanquished Creatures
  A scorpion (D:3)
  5 adders
  A worm (D:2)
  2 dart slugs (D:1)
  2 leopard geckos
  An orc (D:3)
  A ball python (D:2)
  6 bats
  2 giant cockroaches (D:1)
  8 goblins
  6 kobolds
  6 frilled lizards
  7 rats
48 creatures vanquished.

Notes
Turn   | Place    | Note
-------+----------+-------------------------------------------
     0 | D:1      | vishdafish the Demonspawn Skald began the quest for the Orb.
     0 | D:1      | Reached XP level 1. HP: 16/16 MP: 3/3
     2 | D:1      | Noticed a centaur
     2 | D:1      | Noticed a vine stalker
     4 | D:1      | Noticed an elf
     4 | D:1      | Noticed a halfling
     6 | D:1      | Noticed a naga
     8 | D:1      | Noticed a human
     8 | D:1      | Noticed a gargoyle
    10 | D:1      | Noticed an octopode
    10 | D:1      | Noticed a felid
    12 | D:1      | Noticed a merfolk
    12 | D:1      | Noticed a minotaur
    14 | D:1      | Noticed an ogre
    14 | D:1      | Noticed a demigod
    16 | D:1      | Noticed a ghoul
    18 | D:1      | Noticed a tengu
    18 | D:1      | Noticed a spriggan
    20 | D:1      | Noticed a draconian
    20 | D:1      | Noticed a formicid
    22 | D:1      | Noticed a vampire
    24 | D:1      | Noticed a troll
    24 | D:1      | Noticed a dwarf
    26 | D:1      | Noticed a demonspawn
   105 | D:1      | Reached skill level 1 in Armour
   333 | D:1      | Gained mutation: You have sharp fingernails. [demonic ancestry]
   333 | D:1      | Reached XP level 2. HP: 20/22 MP: 5/5
   873 | D:2      | Reached XP level 3. HP: 27/27 MP: 6/6
  1809 | D:3      | Gained mutation: You have very sharp fingernails. [demonic ancestry]
  1809 | D:3      | Reached XP level 4. HP: 23/33 MP: 5/7
  1836 | D:3      | HP: 1/33 [adder (1)]
  2804 | D:3      | Reached XP level 5. HP: 4/39 MP: 4/8
  3129 | D:3      | Slain by an iguana

Vault maps used:
D:1:      kb_arrival_jail
D:2:      kennysheep_generic_room_14

Skill      XL: |  1  2  3 |
---------------+----------+-----
Armour         | 1 |  1.0
Polearms       | 2 3 |  3.4
Dodging        | 2 |  2.6
Charms         | 3 |  3.1
Fighting       | |  2.3
Spellcasting   | |  2.5

Action                   |  1- 3 |  4- 6 || total
-------------------------+-------+-------++-------
Melee: Spear             |   146 |    63 ||   209
 Cast: Infusion          |     7 |     6 ||    13
  Use: Potion            |       |     5 ||     5
  Eat: Chunk             |     3 |     2 ||     5
       Bread ration      |       |     1 ||     1
Armor: Leather armour    |    30 |    10 ||    40
Dodge: Dodged            |    61 |    42 ||   103

Table legend:
 A = Spawn XP
 B = Non-spawn XP
 C = Spawn XP percentage of total XP
 D = Spawn monster count
 E = Non-spawn monster count
 F = Spawn count percentage of total count
 G = Total turns spent on level
                    A         B        C        D         E        F      G
               +---------+---------+-------+---------+---------+-------+---------
         Total |       0 |     209 |   0.0 |       0 |      48 |   0.0 |  3129
               +---------+---------+-------+---------+---------+-------+---------
           D:1 |       0 |      35 |   0.0 |       0 |      18 |   0.0 |   761
           D:2 |       0 |      54 |   0.0 |       0 |      17 |   0.0 |  1345
           D:3 |       0 |     120 |   0.0 |       0 |      13 |   0.0 |  1023
               +---------+---------+-------+---------+---------+-------+---------
